 Dungeon Crawl Stone Soup version 0.30.0-5-g1a98f26d00 (webtiles) character file.

Game seed: 6792914183122372353

217 ProzacElf the Gusty (level 5, -3/28 HPs)
             Began as a Tengu Air Elementalist on May 10, 2023.
             Was an Initiate of Gozag.
             Shot with an arrow by a centaur (13 damage)
             ... on level 5 of the Dungeon.
             The game lasted 00:13:15 (4194 turns).

ProzacElf the Gusty (Tengu Air Elementalist)        Turns: 4194, Time: 00:13:15

Health: -3/28      AC:  4    Str:  9    XL:     5   Next: 94%
Magic:  9/9        EV: 14    Int: 17    God:    Gozag
Gold:   464        SH:  0    Dex: 14    Spells: 2/8 levels left

rFire   . . .        b - +2 dagger (speed)
rCold   . . .        (no shield)
rNeg    . . .        n - +2 robe {Archmagi}
rPois   .            (helmet restricted)
rElec   .            (no cloak)
rCorr   .            (no gloves)
SInv    .            (boots unavailable)
Will    .....        (no amulet)
Stlth   +++          (no ring)
HPRegen 0.24/turn    (no ring)
MPRegen 0.11/turn

%: archmagi
@: flying quickly and evasively, quick
A: beak, talons 3, nimble flight
a: Renounce Religion, Potion Petition, Call Merchant, Bribe Branch


You were on level 5 of the Dungeon.
You worshipped Gozag.
Gozag was aware of your devotion.
You visited 1 branch of the dungeon, and saw 5 of its levels.

You collected 527 gold pieces.
You paid 63 gold pieces to Gozag.

Inventory:

Hand Weapons
 a - a +0 long sword
 b - a +2 dagger of speed (weapon)
 c - a +0 falchion
Missiles
 d - 8 poisoned darts
Armour
 h - a +0 leather armour
 n - a +2 robe of the Archmagi (worn)
Jewellery
 k - the ring of Putauc {rN+ Str+3 Int-5 Dex+6 SInv}
   (You found it on level 4 of the Dungeon)

   [ring of dexterity]

   Str:       It affects your strength (+3).
   Int:       It affects your intelligence (-5).
   Dex:       It affects your dexterity (+6).
   rN:        It protects you from negative energy.
   SInv:      It lets you see invisible.
Wands
 p - a wand of charming (13)
Scrolls
 g - a scroll of summoning
 i - a scroll of vulnerability
 j - 2 scrolls of enchant armour
 l - a scroll of magic mapping
 o - 3 scrolls of poison
 q - a scroll of identify
 r - a scroll of enchant weapon {unknown}
 s - a scroll of teleportation {unknown}
Potions
 e - 2 potions of heal wounds
 f - a potion of magic
 m - 6 potions of curing
 t - 2 potions of haste {unknown}
 u - a potion of berserk rage {unknown}


   Skills:
 - Level 2.1 Dodging
 + Level 4.4 Stealth
 - Level 2.0 Spellcasting
 + Level 4.8 Conjurations
 - Level 5.0 Air Magic


You had 2 spell levels left.
You knew the following spells:

 Your Spells              Type           Power      Damage    Failure   Level
a - Shock                 Conj/Air       100%       1d9       2%          1
b - Static Discharge      Conj/Air       54%        2-5/arc   3%          2
w - Swiftness             Air            28%        N/A       8%          3

Your spell library contained the following spells:

 Spells                   Type           Power      Damage    Failure   Level
 Freeze                   Ice            8%         1d3       19%         1
 Summon Small Mammal      Summ           8%         N/A       19%         1
 Hailstorm                Conj/Ice       15%        3d5       22%         3
 Airstrike                Air            14%        2d(2-18)  24%         4
 Call Canine Familiar     Summ           2%         N/A       50%         3
 Frozen Ramparts          Ice            4%         1d1       50%         3
 Inner Flame              Hex/Fire       2%         N/A       50%         3
 Summon Guardian Golem    Hex/Summ       2%         N/A       50%         3
 Flame Wave               Conj/Fire      15%        2d7       56%         4
 Sticky Flame             Conj/Fire      15%        2d4       56%         4
 Summon Forest            Summ/Tloc      1%         N/A       99%         5
 Eringya's Noxious Bog    Tmut/Pois      1%         N/A       100%        6
 Summon Hydra             Summ           1%         N/A       100%        7


Dungeon Overview and Level Annotations

Branches:
Dungeon (5/15)
 Temple: D:4-7

Altars:
Gozag
Sif Muna

Annotations:
D:2 Sigmund
D:3 exclusion: black bear


Innate Abilities, Weirdness & Mutations

You have a beak for a mouth.
You have claws for feet.
Your magical nature lets you fly swiftly and evasively.


Message History

Aimin': Shock (safe; 2% risk o' failure)
Press: ? - help, Shift-Dir - straight line, f/p - jelly
Aim: a jelly (moderately wounded, 100% ta hit) Ye feel a surge o' power!
Tha zap hits tha jelly.
Tha jelly be moderately wounded.
Ye now haf 6/9 mp.
Castin': Shock (safe; 2% risk o' failure) Confirm wit' . or Enter, or press ? or * ta list all spells.
Aimin': Shock (safe; 2% risk o' failure)
Press: ? - help, Shift-Dir - straight line, f/p - jelly
Aim: a jelly (moderately wounded, 100% ta hit) Ye feel a surge o' power!
Tha zap hits tha jelly.
Tha jelly be severely wounded.
Ye now haf 5/9 mp.
Castin': Shock (safe; 2% risk o' failure) Confirm wit' . or Enter, or press ? or * ta list all spells.
Aimin': Shock (safe; 2% risk o' failure)
Press: ? - help, Shift-Dir - straight line, f/p - jelly
Aim: a jelly (severely wounded, 100% ta hit) Ye feel a surge o' power!
Tha zap hits tha jelly.
Tha jelly be almost dead.
Tha zap hits tha jelly!
Ye kill tha jelly!
Ye now haf 4/9 mp.
Ye start restin'.
Magic restored.
MP restored: 9 Ye now haf 458 gold pieces (gain'd 6).
u - a fizzy yellow potion Ye now haf 464 gold pieces (gain'd 6).
A centaur comes inta view.
Tha centaur wields a +0 shortbow.
Tha centaur shoots an arrow.
Tha arrow hits ye!
Tha centaur shoots an arrow.
Tha arrow hits ye!
* * * LOW HITPOINT WARNIN'
* * * Ye hear a shout!
Ye take 20 damage, an' haf 8/28 hp.
MASSIVE DAMAGE!!
Tha centaur shoots an arrow.
Tha arrow closely misses ye.
Tha centaur shoots an arrow.
Tha arrow hits ye!
Ye die...
Yer body crumbles inta a pile o' gold.

#...###....####...# #
#...#.......##...### #
##.................## ##
#...........###.....#####.
#......)...## ###.........
#..........# ##......#
...#####...# ###...## .#
##..# ##.## #@.# ##.#
##.## #..# ###..# #..#
.######....## #..#
............### ###..##
..............####.....#
..###....c..........#...#
###...........#####..
##...........# ##


You could see a centaur.

Vanquished Creatures
  A jelly (D:5)
  Jessica (D:2)
  3 gnolls (D:2)
  4 adders
  A white imp (D:4)
  2 dart slugs
  3 orcs
  8 ball pythons
  5 endoplasms
  5 giant cockroaches
  5 goblins
  9 hobgoblins
  10 jackals
  5 kobolds
  3 quokkas
  4 bats
  A frilled lizard (D:2)
  3 rats (D:3)
73 creatures vanquished.

Notes
Turn   | Place    | Note
-------+----------+-------------------------------------------
     0 | D:1      | ProzacElf the Tengu Air Elementalist began the quest for
                  | the Orb.
     0 | D:1      | Reached XP level 1. HP: 10/10 MP: 4/4
   201 | D:1      | Reached XP level 2. HP: 9/15 MP: 3/6
   596 | D:1      | Learned a level 2 spell: Static Discharge
   743 | D:1      | Reached XP level 3. HP: 19/19 MP: 7/7
  1224 | D:2      | You fall into a shaft and drop 2 floors!
  1287 | D:4      | Noticed a phantom
  1466 | D:4      | Found an opulent altar of Gozag.
  1488 | D:4      | Became a worshipper of Gozag Ym Sagoz the Greedy
  1545 | D:4      | Identified the ring of Putauc {rN+ Str+3 Int-5 Dex+6 SInv}
  1625 | D:3      | Reached XP level 4. HP: 24/24 MP: 4/8
  1663 | D:3      | Learned a level 3 spell: Swiftness
  1834 | D:2      | Reached skill level 5 in Air Magic
  1891 | D:2      | Noticed Jessica
  1895 | D:2      | Killed Jessica
  1970 | D:2      | Noticed Sigmund
  2078 | D:2      | Gained mutation: Your magical nature lets you fly swiftly
                  | and evasively. [Tengu growth]
  2078 | D:2      | Reached XP level 5. HP: 21/28 MP: 2/9
  2383 | D:3      | Noticed a black bear
  2388 | D:3      | Found a faded altar of an unknown god.
  2824 | D:3      | Found a shimmering blue altar of Sif Muna.
  3982 | D:5      | Entered Level 5 of the Dungeon
  4182 | D:5      | Noticed a centaur
  4194 | D:5      | Shot with an arrow by a centaur

Illustrated notes

Levels and vault maps discovered:
D:1:      scummos_arrival_star, layout_basic, dreamdust_princess_bridge
D:2:      layout_loops_ring, minmay_tromino_v4_b, uniq_sigmund, uniq_jessica
D:3:      layout_basic, led_sif_pool, basic_ecumenical_altar
D:4:      layout_loops_ring, nicolae_gozag_seed_capital
D:5:      layout_layer_cave, mainiacjoe_overflow_surrounded_room,
          nicolae_concentric_dashed_squares_wild,
          nicolae_shop_sticking_my_neck_out

Skill      XL: |  1  2  3  4  5 |
---------------+----------------+-----
Conjurations   | 2 3 4 |  4.8
Stealth        | 3 4 |  4.4
Air Magic      | 5 |  5.0
Dodging        | |  2.1
Spellcasting   | |  2.0

Action                     |  1- 3 |  4- 6 || total
---------------------------+-------+-------++-------
  Melee: Unarmed           |     2 |       ||     2
         Kick              |     5 |     4 ||     9
         Falchion          |     4 |       ||     4
         Dagger            |     9 |    24 ||    33
         Peck              |     2 |     2 ||     4
   Cast: Shock             |    40 |    47 ||    87
         Static Discharge  |     5 |    15 ||    20
    Use: Scroll            |       |     9 ||     9
   Stab: Sleeping          |     4 |     3 ||     7
 Armour: Robe              |     2 |     8 ||    10
  Dodge: Dodged            |    11 |    17 ||    28

Action                     |  1- 3 |  4- 6 || total
---------------------------+-------+-------++-------
  Melee: Unarmed           |     2 |       ||     2
         Kick              |     5 |     4 ||     9
         Falchion          |     4 |       ||     4
         Dagger            |     9 |    24 ||    33
         Peck              |     2 |     2 ||     4
   Cast: Shock             |    40 |    47 ||    87
         Static Discharge  |     5 |    15 ||    20
    Use: Scroll            |       |     9 ||     9
   Stab: Sleeping          |     4 |     3 ||     7
 Armour: Robe              |     2 |     8 ||    10
  Dodge: Dodged            |    11 |    17 ||    28

Levels and vault maps discovered:
D:1:      scummos_arrival_star, layout_basic, dreamdust_princess_bridge
D:2:      layout_loops_ring, minmay_tromino_v4_b, uniq_sigmund, uniq_jessica
D:3:      layout_basic, led_sif_pool, basic_ecumenical_altar
D:4:      layout_loops_ring, nicolae_gozag_seed_capital
D:5:      layout_layer_cave, mainiacjoe_overflow_surrounded_room,
          nicolae_concentric_dashed_squares_wild,
          nicolae_shop_sticking_my_neck_out
